 Dungeon Crawl Stone Soup version 0.28-a0-479-g5baa6b73be (webtiles) character file.

Game seed: 6236091503330032256

251 Dabor the Skirmisher (level 6, -1/51 HPs)
             Began as a Ghoul Warper on Sept 18, 2021.
             Slain by Ijyb (2 damage)
             ... while paralysed by Ijyb
             ... on level 5 of the Dungeon.
             The game lasted 00:07:03 (3817 turns).

Dabor the Skirmisher (Ghoul Warper)                 Turns: 3817, Time: 00:07:03

Health: -1/51      AC:  9    Str: 17    XL:     6   Next: 13%
Magic:  8/8        EV:  2    Int:  8    God:
Gold:   128        SH:  0    Dex: 14    Spells: 7/9 levels left

rFire   + . .      SeeInvis .     - Unarmed
rCold   + . .      Faith    .   (no shield)
rNeg    + + +      Spirit   .   n - +1 chain mail
rPois   ∞          Reflect  +   (no helmet)
rElec   .          Harm     .   (no cloak)
rCorr   .          Rampage  .   (no gloves)
Will    .....                   (no boots)
Stlth   ..........              k - amulet of reflection
HPRegen 0.00/turn               f - +6 ring of dexterity
MPRegen 0.11/turn               g - ring of protection from fire

@: paralysed, inhibited regen
A: claws 1, cold resistance 1, negative energy resistance 3, inhibited
regeneration, torment resistance 2
a: no special abilities


You were on level 5 of the Dungeon.
You visited 1 branch of the dungeon, and saw 5 of its levels.

You collected 128 gold pieces.

Inventory:

Hand Weapons
 m - a +2 dagger of protection
Missiles
 c - 4 boomerangs of dispersal
 i - 53 stones (quivered)
 o - 7 poisoned darts
Armour
 a - a +0 leather armour
 n - a +1 chain mail (worn)
Jewellery
 f - a +6 ring of dexterity (left claw)
 g - a ring of protection from fire (right claw)
 k - an amulet of reflection (around neck)
Scrolls
 b - a scroll of blinking
 d - 2 scrolls of identify
 e - 3 scrolls of amnesia


   Skills:
 * Level 3.4 Fighting
 + Level 1.8 Throwing
 * Level 2.4 Armour
 * Level 2.8 Dodging
 * Level 3.3 Unarmed Combat
 + Level 2.3 Spellcasting
 + Level 3.1 Translocations


You had 7 spell levels left.
You knew the following spells:

 Your Spells              Type           Power      Damage    Failure   Level
a - Blink                 Tloc           N/A        N/A       92%         2

Your spell library contained the following spells:

 Spells                   Type           Power      Damage    Failure   Level
 Gell's Gravitas          Tloc           2%         N/A       99%         3
 Lesser Beckoning         Tloc           5%         N/A       99%         3
 Teleport Other           Tloc           5%         N/A       99%         3
 Manifold Assault         Tloc           5%         N/A       100%        5
 Dispersal                Tloc           2%         N/A       100%        6
 Disjunction              Tloc           2%         N/A       100%        8


Dungeon Overview and Level Annotations

Branches:
Dungeon (5/15)
 Temple: D:4-7

Altars:

Annotations:
D:4 Edmund, Grinder, Menkaure, Sigmund
D:5 Ijyb


Innate Abilities, Weirdness & Mutations

You thrive by killing the living.
You are immune to poison.
You have sharp fingernails.
Your flesh is cold resistant. (rC+)
You are immune to negative energy. (rN+++)
You do not regenerate when monsters are visible.
You are immune to unholy pain and torment.


Message History

Ijyb shouts!
Grinder says, "FISH!"
The howler monkey hoots and howls with incredible vigour!
Grinder blinks!
Something hits you!
* * * LOW HITPOINT WARNING * * *
You hear an angry hiss.
The kobold hits you but does no damage. Ijyb hits you but does no damage.
The howler monkey hoots and howls with incredible vigour!
The kobold closely misses you. Ijyb hits you but does no damage.
Found a war axe.
Grinder says, "DUCK!"
Ijyb hits you with a +0 dagger.
* * * LOW HITPOINT WARNING * * *
There is a stone staircase leading down here.
The giant cockroach bites you but does no damage.
You block the kobold's attack. Ijyb barely misses you.
You climb downwards.
You hear the sound of rushing water.
There is an entrance to a sewer on this level.
Hurry and find it before the portal rusts away!
Reactivating autopickup.
Found 11 gold pieces and a ring mail.
Found two stone staircases leading down.
There is a stone staircase leading up here.
You block the giant cockroach's attack. The kobold closely misses you.
Ijyb hits you but does no damage.
The sky beast flickers out of sight!
Deactivating autopickup; reactivate with Ctrl-A.
The giant cockroach barely misses you. Ijyb hits you but does no damage.
A sky beast appears from thin air!
Reactivating autopickup.
Ijyb zaps a wand.
You resist with some effort.
There is a stone staircase leading down here.
The sky beast hits you.
* * * LOW HITPOINT WARNING * * *
The sky beast shocks you.
* * * LOW HITPOINT WARNING * * *
Ijyb zaps a wand.
You suddenly lose the ability to move!
The sky beast hits you but does no damage.
The kobold hits you but does no damage. Ijyb hits you with a +0 dagger.
You die...

############
#..........#
#..........#
#..>.......#
#..[.......#
#...$......#
#.....K....#
#....≈Y@...+
#.....gB...#
#...........#
#...<.......#
#######...#...
#.....#.#
#.#..## #
###.... ..#


You could see a sky beast, Ijyb, a giant cockroach and a kobold.

Vanquished Creatures
  A howler monkey (D:4)
  2 iguanas (D:3)
  3 gnolls (D:3)
  7 adders
  3 worms
  An orc (D:4)
  6 ball pythons
  5 endoplasms
  3 giant cockroaches
  8 goblins
  7 hobgoblins
  3 quokkas
  4 bats
  3 frilled lizards
  2 kobolds
  10 rats
68 creatures vanquished.

Notes
Turn   | Place    | Note
-------+----------+-------------------------------------------
     0 | D:1      | Dabor the Ghoul Warper began the quest for the Orb.
     0 | D:1      | Reached XP level 1. HP: 17/17 MP: 2/2
    28 | D:1      | Reached skill level 1 in Armour
    38 | D:1      | Reached skill level 1 in Throwing
   345 | D:1      | Reached XP level 2. HP: 21/24 MP: 3/3
   354 | D:1      | Learned a level 2 spell: Blink
   651 | D:1      | Found a faded altar of an unknown god.
  1229 | D:2      | Reached XP level 3. HP: 23/30 MP: 4/4
  1992 | D:2      | Reached XP level 4. HP: 35/37 MP: 5/5
  2808 | D:3      | Reached XP level 5. HP: 15/45 MP: 7/7
  3766 | D:4      | Reached XP level 6. HP: 40/51 MP: 8/8
  3769 | D:4      | Noticed Grinder
  3773 | D:4      | Paralysed by Grinder for 5 turns
  3773 | D:4      | Noticed Menkaure
  3780 | D:4      | Paralysed by Grinder for 2 turns
  3791 | D:4      | Noticed Edmund
  3797 | D:4      | Noticed Sigmund
  3800 | D:4      | Paralysed by Grinder for 4 turns
  3804 | D:4      | Noticed Ijyb
  3811 | D:5      | Entered Level 5 of the Dungeon
  3811 | D:5      | Noticed a sky beast
  3816 | D:5      | HP: 1/51 [sky beast (5)]
  3816 | D:5      | Paralysed by Ijyb for 4 turns
  3817 | D:5      | Slain by Ijyb

Illustrated notes

Levels and vault maps discovered:
D:1:      dpeg_arrival_more_subterranean_lakeside_camping, layout_basic,
          shapermc_ecumenical_altar_venn, chequers_serial_rivers_small_3,
          solitary_fountain, serial_bayou_pond_d
D:2:      layout_loops_ring, minmay_rat_gold_closets
D:3:      layout_loops_ring
D:4:      layout_cave_pools, amcnicky_altar_gilded, marbit_many_paths,
          chequers_temple_overflow_minitemple, gammafunk_ghost_abyssal_escape,
          serial_column_ruins, column_ruins_hut, column_ruins_hut,
          column_ruins_grid_1, column_ruins_columns_dead_end,
          column_ruins_grid_1, column_ruins_open_tiny, st_stairs_12,
          small_statue_intersection, minmay_circle_x, uniq_menkaure,
          uniq_sigmund, uniq_grinder, uniq_natasha, uniq_edmund, uniq_ijyb
D:5:      layout_basic, elyvilon_altar_1, minmay_temple_entry_fiery,
          portal_sewer_entry_d, uniq_blork_the_orc, uniq_prince_ribbit1,
          uniq_crazy_yiuf_cottage

Skill      XL: |  1  2  3  4 |
---------------+-------------+-----
Armour         | 1 2 |  2.4
Throwing       | 1 |  1.8
Dodging        | 2 |  2.8
Spellcasting   | 2 |  2.3
Fighting       | 3 |  3.4
Unarmed Combat | 3 |  3.3
Translocations | 3 |  3.1

Action                   |  1- 3 |  4- 6 || total
-------------------------+-------+-------++-------
Melee: Unarmed           |   106 |    49 ||   155
       Punch             |     1 |     2 ||     3
       Dagger            |       |   138 ||   138
Throw: Boomerang         |     1 |       ||     1
       Stone             |    49 |     9 ||    58
  Use: Scroll            |       |     6 ||     6
       Potion            |       |     2 ||     2
 Stab: Sleeping          |     2 |     2 ||     4
Armor: Leather armour    |    34 |    13 ||    47
       Chain mail        |       |    72 ||    72
Dodge: Dodged            |    63 |    72 ||   135
Block: Other             |     2 |    33 ||    35

Table legend: (Time is in decaauts)
 A = Elapsed time spent in this place.
 B = Non-inter-level travel time spent in this place.
 C = Inter-level travel time spent in this place.
 D = Time resting spent in this place.
 E = Time spent auto-exploring this place.
 F = Levels seen in this place.
 G = Mean time per level.
                   A        B        C        D        E       F      G
               +--------+--------+--------+--------+--------+-----+--------+
         Total |   3815 |   3710 |    105 |    688 |   2332 |   5 |  763.0 |
       Dungeon |   3815 |   3710 |    105 |    688 |   2332 |   5 |  763.0 |
               +--------+--------+--------+--------+--------+-----+--------+

Top non-repeatable levels by time:
     D:3: 1421 daAuts
     D:1: 1210 daAuts
     D:2: 1058 daAuts
     D:4: 119 daAuts
     D:5: 5 daAuts
